 Dungeon Crawl Stone Soup version 0.18.1-47-g9310371 (webtiles) character file.

243 l3on the Skirmisher (level 6, 0/73 HPs)
             Began as a Human Berserker on June 22, 2016.
             Was a Priest of Trog.
             Killed by vampiric draining
             ... invoked by dvd's ghost
              (12 damage)
             ... on level 3 of the Dungeon.
             The game lasted 00:20:38 (3264 turns).

l3on the Skirmisher (Human Berserker)               Turns: 3264, Time: 00:20:39

Health: 0/73       AC:  4    Str: 22    XL:     6   Next: 31%
Magic:  6/6        EV: 13    Int:  8    God:    Trog [***...]
Gold:   186        SH:  0    Dex: 14    Spells: 0 memorised, 5 levels left

rFire  . . .     SeeInvis .     a - +0 hand axe
rCold  . . .     Gourm    .     d - +0 leather armour
rNeg   . . .     Faith    .     (no shield)
rPois  .         Spirit   .     (no helmet)
rElec  .         Dismiss  .     (no cloak)
rCorr  .         Reflect  .     e - +0 pair of gloves
SustAt .         Harm     .     (no boots)
MR     .....                    (no amulet)
Stlth  ..........               (no ring)
                                (no ring)

@: berserking, very quick, not resistant to hostile enchantments, extremely
unstealthy
A: no striking features
a: Berserk, Trog's Hand, Burn Spellbooks, Renounce Religion


You were on level 3 of the Dungeon.
You worshipped Trog.
Trog was most pleased with you.
You were not hungry.

You visited 1 branch of the dungeon, and saw 3 of its levels.

You collected 186 gold pieces.

Inventory:

Hand Weapons
 a - a +0 hand axe (weapon)
Armour
 b - a +0 animal skin
 d - a +0 leather armour (worn)
 e - a +0 pair of gloves (worn)
Wands
 k - a wand of heal wounds (3/9)
Scrolls
 g - a scroll of fog
 i - a scroll of identify
 m - a scroll of fear {unknown}
Potions
 c - a potion of cure mutation
 n - a potion of haste {unknown}
Miscellaneous
 l - a plain deck of summoning {drawn: 1}
Comestibles
 f - 2 slices of pizza
 h - a fruit


   Skills:
 + Level 4.4 Fighting
 + Level 4.1 Axes
 + Level 2.4 Armour
 + Level 3.7 Dodging
 + Level 1.3 Stealth


You had 5 spell levels left.
You didn't know any spells.

Dungeon Overview and Level Annotations

Branches:
Dungeon (3/15)

Altars:
Ashenzari
Cheibriados
Gozag
Nemelex Xobeh
The Shining One

Annotations:
D:3 dvd's ghost, amateur DDNe


Message History

Dvd's ghost is moderately damaged.
Dvd's ghost hits you.
* * * LOW HITPOINT WARNING * * *
You hit dvd's ghost.
Dvd's ghost is moderately damaged.
Dvd's ghost hits you but does no damage.
You slash dvd's ghost!
Dvd's ghost is heavily damaged.
Dvd's ghost whispers, "The ORB doesn't exist."
Dvd's ghost hits you.
* * * LOW HITPOINT WARNING * * *
You slash dvd's ghost!
Dvd's ghost is severely damaged.
You closely miss dvd's ghost.
Dvd's ghost is severely damaged.
Dvd's ghost closely misses you.
You slash dvd's ghost!
Dvd's ghost is almost destroyed.
Dvd's ghost is infused with unholy energy.
You die...

#..#### # ....... #
....... # .......
######### # .......
#.......# # ...###.
#.......# # ....#
#.......# # ....#
#.###.......###########
)...#
#>....@..)..'..........
....#
#.....)W.....###########
....# #............#
....# #............#
....# #.......######
....# ........# ....#
......... ..###
......... ..#


You could see dvd's ghost.

Vanquished Creatures
  Ijyb (D:2)
  Natasha (thrice) (D:2)
  5 adders
  2 oozes
  5 worms
  A dart slug (D:3)
  A giant gecko (D:1)
  2 orcs (D:3)
  2 ball pythons (D:2)
  A giant cockroach (D:1)
  9 goblins
  7 hobgoblins
  6 jackals
  8 kobolds
  A quokka (D:2)
  9 bats
  A giant newt (D:1)
  7 rats
71 creatures vanquished.

Notes
Turn   | Place    | Note
--------------------------------------------------------------
     0 | D:1      | l3on the Human Berserker began the quest for the Orb.
     0 | D:1      | Reached XP level 1. HP: 18/18 MP: 1/1
   140 | D:1      | Reached XP level 2. HP: 21/24 MP: 2/2
   659 | D:1      | Reached XP level 3. HP: 26/29 MP: 3/3
   881 | D:1      | Reached ** piety under Trog
  1065 | D:2      | Found a glowing golden altar of the Shining One.
  1153 | D:2      | Noticed Ijyb
  1174 | D:2      | Killed Ijyb
  1174 | D:2      | Reached XP level 4. HP: 28/37 MP: 4/4
  1181 | D:2      | Found a shattered altar of Ashenzari.
  1182 | D:2      | Noticed Natasha
  1250 | D:2      | Found an opulent altar of Gozag.
  1342 | D:2      | Found a snail-covered altar of Cheibriados.
  1523 | D:2      | Killed Natasha
  1523 | D:2      | Reached XP level 5. HP: 9/42 MP: 5/5
  1756 | D:2      | Noticed Natasha
  1764 | D:2      | Killed Natasha
  1924 | D:2      | Reached skill level 1 in Stealth
  1939 | D:2      | Noticed Natasha
  1960 | D:2      | Killed Natasha
  2156 | D:3      | Found a faded altar to an unknown god.
  2266 | D:3      | Reached XP level 6. HP: 48/48 MP: 6/6
  2468 | D:3      | Found a sparkling altar of Nemelex Xobeh.
  2917 | D:3      | Reached *** piety under Trog
  3225 | D:3      | Noticed dvd's ghost (amateur DDNe)
  3264 | D:3      | Killed from afar by dvd's ghost

Skill      XL: |  1  2  3  4  5  6 |
---------------+-------------------+-----
Fighting       | 4 |  4.4
Dodging        | 3 |  3.7
Stealth        | 1 |  1.3
Axes           | 4 |  4.1
Armour         | |  2.4

Action                   |  1- 3 |  4- 6 || total
-------------------------+-------+-------++-------
Melee: Hand axe          |    91 |   236 ||   327
Invok: Berserk           |       |     2 ||     2
Evoke: Deck              |       |     1 ||     1
  Use: Scroll            |     2 |     3 ||     5
       Potion            |     2 |     2 ||     4
 Stab: Sleeping          |     1 |       ||     1
       Distracted        |       |     1 ||     1
  Eat: Bread ration      |     1 |       ||     1
       Meat ration       |       |     1 ||     1
       Fruit             |       |     1 ||     1
       Pizza             |       |     1 ||     1
Armor: Leather armour    |    36 |    47 ||    83
       Animal skin       |     1 |       ||     1
Dodge: Dodged            |    81 |   164 ||   245
